 Dungeon Crawl Stone Soup version 0.31.0-11-ge490571c62 (webtiles) character file.

Game seed: 15941577839132749038

8 browni3141 the Firebug (level 2, 0/19 HPs)
             Began as a Demonspawn Fire Elementalist on Jan 30, 2024.
             Slain by a kobold
             ... wielding a +0 dagger
              (2 damage)
             ... on level 2 of the Dungeon.
             The game lasted 00:00:29 (346 turns).

browni3141 the Firebug (DsFE)                        Turns: 346, Time: 00:00:29

Health: 0/19       AC:  2    Str:  8    XL:     2   Next: 0%
Magic:  3/5        EV: 12    Int: 15    God:
Gold:   12         SH:  0    Dex: 13    Spells: 4/5 levels left

rFire   . . .        (no weapon)
rCold   . . .        (no shield)
rNeg    . . .        a - +0 robe
rPois   .            (no helmet)
rElec   .            (no cloak)
rCorr   .            (no gloves)
SInv    .            (no boots)
Will    .....        (no amulet)
Stlth   ++           (no ring)
HPRegen 0.23/turn    (no ring)
MPRegen 0.18/turn

%: no passive effects
@: no status effects
A: magic regeneration
a: no special abilities


You were on level 2 of the Dungeon.
You visited 1 branch of the dungeon, and saw 2 of its levels.

You collected 12 gold pieces.

Inventory:

Armour
 a - a +0 robe (worn)
Scrolls
 c - a scroll of blinking {unknown}
Potions
 b - a potion of magic


   Skills:
 + Level 1.9 Dodging
 + Level 2.0 Stealth
 + Level 2.1 Spellcasting
 + Level 1.2 Conjurations
 + Level 2.8 Fire Magic


You had 4 spell levels left.
You knew the following spells:

 Your Spells              Type           Power      Damage    Failure   Level
a - Foxfire               Conj/Fire      28%        2x1d5     10%         1

Your spell library contained the following spells:

 Spells                   Type           Power      Damage    Failure   Level
 Scorch                   Fire           20%        2d5       11%         2
 Inner Flame              Hex/Fire       5%         N/A       36%         3
 Volatile Blastmotes      Fire/Tloc      10%        2d10      36%         3
 Flame Wave               Conj/Fire      7%         2d5       67%         4
 Fulminant Prism          Conj/Alch      1%         3d5       86%         4
 Manifold Assault         Tloc           1%         N/A       91%         4
 Bombard                  Conj/Erth      1%         9d1       100%        6
 Starburst                Conj/Fire      3%         6d3       100%        6


Dungeon Overview and Level Annotations

Branches:
Dungeon (2/15)

Altars:

Shops:
D:1 (


Innate Abilities, Weirdness & Mutations

You regenerate magic rapidly.


Message History

Your foxfire dissipates!
Magic restored.
A malevolent force fills the Dungeon...
You fall into a shaft and drop 1 floor!
The shaft crumbles and collapses.
Found an escape hatch in the ceiling.
An endoplasm comes into view.
There is an escape hatch in the ceiling here.
You miscast Foxfire.
You are very lightly contaminated with residual magic.
Nothing appears to happen.
You miscast Foxfire.
Nothing appears to happen.
You conjure some foxfire!
The foxfire hits the endoplasm but does no damage.
The endoplasm quivers.
The foxfire hits the endoplasm.
The endoplasm is heavily wounded.
You are out of magic!
You conjure some foxfire!
The foxfire hits the endoplasm.
The endoplasm is almost dead.
The foxfire hits the endoplasm.
You kill the endoplasm!
Your magical contamination has completely faded away.
You start resting.
Magic restored.
Found a stone staircase leading up.
Found a stone staircase leading down.
You pick up the Book of Puissant Orientation and begin reading...
It was the Book of Puissant Orientation.
You add the spells Fulminant Prism, Manifold Assault, Bombard and Starburst to your library.
Found a stone staircase leading down.
Key pressed, stopping explore.
You now have 1 gold piece.
Found a stone staircase leading up.
c - a scroll labelled PANEUSUIMI A giant cockroach comes into view.
A giant cockroach is nearby!
A giant cockroach is nearby!
A giant cockroach is nearby!
You miscast Foxfire.
You are very lightly contaminated with residual magic.
Nothing appears to happen.
You conjure some foxfire!
The foxfire hits the giant cockroach.
The giant cockroach is moderately wounded.
The foxfire hits the giant cockroach.
You kill the giant cockroach!
Your magical contamination has completely faded away.
You see here a giant cockroach corpse.
A goblin comes into view. It is wielding a +0 club.
The goblin shouts!
A goblin is nearby!
You conjure some foxfire!
You conjure some foxfire!
The foxfire hits the goblin.
You kill the goblin!
Your foxfire dissipates!
Your foxfire dissipates!
You now have 12 gold pieces (gained 11).
A rat comes into view.
You conjure some foxfire!
The rat squeaks loudly.
You hear an angry hiss.
You conjure some foxfire!
The foxfire hits the rat but does no damage.
The foxfire hits the rat.
You kill the rat!
Your foxfire dissipates! x2
A frilled lizard comes into view.
A frilled lizard is nearby!
You conjure some foxfire!
An endoplasm comes into view.
A kobold comes into view. It is wielding a +0 dagger.
The foxfire hits the frilled lizard.
You kill the frilled lizard!
The foxfire hits the endoplasm but does no damage.
Your Stealth skill increases to level 2!
You have reached level 2!
Your demonic ancestry asserts itself...
Your magic begins to regenerate rapidly.
The endoplasm jiggles.
The kobold throws a stone.
The stone misses you. The endoplasm hits you. The endoplasm misses you.
The endoplasm closely misses you. The kobold hits you but does no damage.
The endoplasm hits you but does no damage.
The kobold misses you. The endoplasm freezes you.
You are frozen.
The kobold closely misses you. The endoplasm freezes you.
You are frozen.
The kobold closely misses you. The endoplasm barely misses you.
The kobold barely misses you. The endoplasm misses you.
The kobold hits you with a +0 dagger. The endoplasm hits you.
The kobold hits you but does no damage. The endoplasm closely misses you.
The kobold hits you with a +0 dagger. The endoplasm hits you.
The kobold hits you with a +0 dagger.
The endoplasm hits you but does no damage.
The kobold hits you with a +0 dagger. The endoplasm freezes you.
You are frozen.
The kobold hits you but does no damage. The endoplasm barely misses you.
The kobold hits you with a +0 dagger.
You die...

...# ###.####.....
##.<.#
...###...##.............
...##.†####.#....$.....#
...##...................
...##...................
......#................?
......#............†..#
##.##.#.....#....K....#
... #......)#...@J..!.#
#. #........########## #
...#......# ..###......#
.. ######.... ######


You could see an endoplasm and a kobold.

Vanquished Creatures
  A dart slug (D:1)
  An endoplasm (D:2)
  A giant cockroach (D:2)
  A goblin (D:2)
  A frilled lizard (D:2)
  A rat (D:2)
6 creatures vanquished.

Vanquished Creatures (others)
  20 foxfires
20 creatures vanquished.

Grand Total: 26 creatures vanquished

Notes
Turn   | Place    | Note
-------+----------+-------------------------------------------
     0 | D:1      | browni3141 the Demonspawn Fire Elementalist began the quest
                  | for the Orb.
     0 | D:1      | Reached XP level 1. HP: 13/13 MP: 3/3
     5 | D:1      | Found Poux's Weapon Shop.
   113 | D:1      | You fall into a shaft and drop 1 floor!
   198 | D:2      | Got the Book of Puissant Orientation
   331 | D:2      | Gained mutation: You regenerate magic rapidly. [demonic
                  | ancestry]
   331 | D:2      | Reached XP level 2. HP: 19/19 MP: 0/5
   346 | D:2      | Slain by a kobold

Illustrated notes

Levels and vault maps discovered:
D:1:      dpeg_arrival_rooms_with_view, layout_basic, serial_shops,
          nicolae_shop_bloodbath_and_beyond
D:2:      layout_rooms

Skill      XL: |  1 |
---------------+----+-----
Stealth        | 2 |  2.0
Dodging        | |  1.9
Spellcasting   | |  2.1
Conjurations   | |  1.2
Fire Magic     | |  2.8

Action                     || total
---------------------------++-------
   Cast: Foxfire           ||    11
 Armour: Robe              ||    13
  Dodge: Dodged            ||    12
